[Event "Titled Tuesday Blitz April 11 Early 2023"]
[White "Narayanan, Srinath"]
[Black "Filgueira, Hernan"]
[WhiteFideId "5018420"]
[BlackFideId "101770"]
[WhiteElo "2438"]
[BlackElo "2363"]
[Result "1-0"]
[Round "04"]
[TimeControl "180+2"]
[Date "2023.04.11"]
[WhiteClock "0:00:32"]
[BlackClock "0:00:01"]

1. Nf3 Nf6 2. c4 e6 3. d4 d5 4. h3 c6 5. e3 Nbd7 6. Be2 a6 7. O-O dxc4 8. Bxc4 b5 9. Bd3 c5 10. a4 b4 11. a5 Bb7 12. Nbd2 Be7 13. b3 O-O 14. Bb2 cxd4 15. Nxd4 Nc5 16. Be2 Rc8 17. Nc4 Nd5 18. Rc1 Bf6 19. Bf3 Ba8 20. Qc2 Nd7 21. Qe2 Qe7 22. Rfd1 h6 23. Nf5 exf5 24. Bxd5 Bxb2 25. Qxb2 Nf6 26. Bxa8 Rxa8 27. Qe5 Qxe5 28. Nxe5 Ne4 29. Rc4 Rad8 30. Rdd4 Nc3 31. Kf1 Nb5 32. Rxd8 Rxd8 33. Rxb4 Rd1+ 34. Ke2 Ra1 35. Nc6 Ra2+ 36. Kf3 g6 37. Rc4 Nd6 38. Ra4 Rb2 39. Nd4 Ne4 40. Kf4 Rxf2+ 41. Ke5 Rxg2 42. Rb4 Ra2 43. Rb8+ Kg7 44. b4 Ra3 45. Kf4 Nf6 46. Rd8 Nh5+ 47. Kf3 f4 48. Re8 Nf6 49. Re5 fxe3 50. Nc2 Rc3 51. Nxe3 Nh7 52. Ke2 Ng5 53. Re7 Nxh3 54. Ra7 Nf4+ 55. Kf2 Nd3+ 56. Ke2 Nxb4 57. Rb7 Nc6 58. Nd5 Rc5 59. Nc7 Nxa5 60. Ne6+ Kf6 61. Nxc5 1-0


[Site "https://www.chess.com"]

[Event "Titled Tuesday Blitz April 11 Early 2023"]
[White "Siva Mahadevan"]
[Black "Janaszak, Dawid"]
[WhiteFideId "25043153"]
[BlackFideId "1119206"]
[WhiteElo "2249"]
[BlackElo "2220"]
[Result "1/2-1/2"]
[Round "04"]
[TimeControl "180+2"]
[Date "2023.04.11"]
[WhiteClock "0:00:08"]
[BlackClock "0:00:06"]

1. e4 c5 2. Nf3 Nc6 3. Nc3 g6 4. d4 cxd4 5. Nxd4 Bg7 6. Be3 Nf6 7. Bc4 O-O 8. Bb3 Re8 9. O-O d6 10. h3 Na5 11. f4 b6 12. e5 Nxb3 13. axb3 dxe5 14. fxe5 Nd5 15. Qf3 Nxe3 16. Qxe3 Bb7 17. Rad1 Qc7 18. e6 f5 19. Nxf5 gxf5 20. Rd7 Qc6 21. Nd5 Kh8 22. Rf2 Bc8 23. Nxe7 Qc5 24. Qxc5 bxc5 25. Nxc8 Raxc8 26. Rxf5 Rxe6 27. Rff7 Rg6 28. c3 a6 29. g4 h5 30. Kf2 hxg4 31. hxg4 Rxg4 32. Kf3 Rg6 33. Kf4 Rb8 34. Kf5 Rg2 35. Rb7 Re8 36. Rfe7 Rxe7 37. Rxe7 Rxb2 38. Kg6 Rg2+ 39. Kf7 Bxc3 40. Re8+ Kh7 41. Re3 Rf2+ 42. Ke6 Bd4 43. Re4 Rb2 44. Kf7 Kh6 45. Re6+ Kg5 46. Rxa6 Rxb3 47. Ke6 Kf4 48. Kd5 Rb4 49. Rh6 Rb8 50. Rh4+ Ke3 51. Rh3+ Kd2 52. Kc4 Re8 53. Rd3+ Kc2 54. Ra3 Re3 55. Ra2+ Kd1 56. Rh2 Re2 57. Rh1+ Kc2 58. Rh3 Rd2 59. Rb3 Rd1 60. Ra3 Kb2 61. Rb3+ Ka2 62. Rb5 Rc1+ 63. Kd3 Rc3+ 64. Kd2 Ka3 65. Rb1 c4 66. Rb8 Rd3+ 67. Kc2 Rh3 68. Ra8+ Kb4 69. Rb8+ Kc5 70. Rc8+ Kb5 71. Rd8 Rh2+ 72. Kc1 Be3+ 73. Kb1 c3 74. Rc8 Bd4 75. Kc1 Be3+ 76. Kb1 Rb2+ 77. Ka1 Bd4 78. Rb8+ Kc4 79. Rc8+ Kd5 80. Rd8+ Ke5 81. Rxd4 Rb5 82. Rc4 Kd5 83. Rxc3 Rc5 84. Rxc5+ Kxc5 1/2-1/2


[Site "https://www.chess.com"]

[Event "Titled Tuesday Blitz April 11 Early 2023"]
[White "Lobanov, Sergei"]
[Black "Kim, Sergey"]
[WhiteFideId "24183750"]
[BlackFideId "13700570"]
[WhiteElo "2489"]
[BlackElo "2579"]
[Result "1-0"]
[Round "04"]
[TimeControl "180+2"]
[Date "2023.04.11"]
[WhiteClock "0:00:28"]
[BlackClock "0:00:17"]

1. d4 Nf6 2. c4 g6 3. Nc3 d6 4. e4 Bg7 5. h3 O-O 6. Be3 e5 7. d5 a5 8. Bd3 Na6 9. Nge2 Nc5 10. Bc2 Bd7 11. Qd2 a4 12. g4 c6 13. dxc6 Bxc6 14. Ng3 Ne6 15. O-O-O Nd4 16. Nge2 Nxc2 17. Qxc2 Qa5 18. Rxd6 Rfc8 19. Kb1 Nd7 20. Nd5 Bxd5 21. Rxd5 Nc5 22. Rhd1 b6 23. Nc3 Qb4 24. Nb5 Ne6 25. Rc1 Rc6 26. a3 Qe7 27. Qd1 Nc5 28. Bxc5 Rxc5 29. Rc3 Rac8 30. Qxa4 Qf6 31. Qc2 Qf4 32. Qe2 Bh6 33. Ka2 Qh2 34. Rd7 Bg5 35. Nd6 Rf8 36. Rf3 Bf4 37. Rb3 Qh1 38. Rxb6 Qc1 39. Rbb7 Bh6 40. Rxf7 Rxf7 41. Nxf7 Bg7 42. Nd6 Bf8 43. Qf3 1-0


[Site "https://www.chess.com"]

[Event "Titled Tuesday Blitz April 11 Early 2023"]
[White "Jeet, Jain"]
[Black "Costachi, Mihnea"]
[WhiteFideId "5073022"]
[BlackFideId "1217518"]
[WhiteElo "2067"]
[BlackElo "2456"]
[Result "1-0"]
[Round "04"]
[TimeControl "180+2"]
[Date "2023.04.11"]
[WhiteClock "0:00:52"]
[BlackClock "0:00:25"]

1. Nf3 d5 2. b3 g6 3. Bb2 Nf6 4. e3 Bg7 5. c4 c6 6. h3 O-O 7. d4 Bf5 8. Nbd2 Qa5 9. a3 c5 10. dxc5 Qxc5 11. b4 Qc7 12. Rc1 Rd8 13. Qb3 Qd7 14. Ne5 Qe8 15. cxd5 Nxd5 16. e4 Be6 17. exd5 Rxd5 18. Bc4 Bxe5 19. Bxd5 Bxb2 20. Qxb2 Bxd5 21. O-O Nc6 22. b5 Na5 23. Qb4 b6 24. Rc7 e6 25. Rfc1 h5 26. Re7 Qd8 27. Rcc7 e5 28. Rcd7 Qc8 29. Rxd5 Qc1+ 30. Kh2 Rc8 31. Rdxe5 Kg7 32. Qf4 Rf8 33. Rd5 Qc2 34. Rdd7 Qa2 35. Ne4 Kg8 36. Ng5 Qc4 37. Qf6 Qxb5 38. Qxg6+ fxg6 39. Rg7+ Kh8 40. Rh7+ Kg8 41. Rdg7# 1-0


[Site "https://www.chess.com"]

[Event "Titled Tuesday Blitz April 11 Early 2023"]
[White "Real_OceanStorm"]
[Black "Pham, Le Thao Nguyen"]
[BlackFideId "12401226"]
[WhiteElo "2806"]
[BlackElo "2286"]
[Result "1-0"]
[Round "04"]
[TimeControl "180+2"]
[Date "2023.04.11"]
[WhiteClock "0:00:02"]
[BlackClock "0:00:01"]

1. e4 c5 2. Nf3 e6 3. c3 d5 4. e5 Nc6 5. d4 Qb6 6. Be2 Bd7 7. O-O Nge7 8. dxc5 Qxc5 9. Nbd2 Ng6 10. Nb3 Qb6 11. Be3 Qc7 12. Nbd4 a6 13. Nxc6 bxc6 14. c4 Nxe5 15. Rc1 Nxf3+ 16. Bxf3 Qb7 17. b3 Ba3 18. Rb1 Be7 19. b4 O-O 20. Bc5 Rfe8 21. Bxe7 Rxe7 22. Qd3 Be8 23. Rb3 Rd8 24. Be4 g6 25. Bf3 Red7 26. c5 e5 27. Be2 Ra8 28. Qg3 Re7 29. Qg5 Kg7 30. Rh3 f6 31. Qd2 Kg8 32. Rf3 f5 33. Rd1 e4 34. Rb3 Bf7 35. Qd4 Rae8 36. Ra3 Ra8 37. Qf6 Re6 38. Qd4 Re7 39. f4 exf3 40. Bxf3 Rae8 41. g3 Re1+ 42. Rxe1 Rxe1+ 43. Kf2 Qe7 44. Qc3 Rb1 45. Rxa6 d4 46. Ra8+ Be8 47. Qd2 Qf8 48. Bxc6 Kg7 49. Rxe8 Qf6 50. Bd5 d3 51. Rg8# 1-0


[Site "https://www.chess.com"]

[Event "Titled Tuesday Blitz April 11 Early 2023"]
[White "Cornette, Matthieu"]
[Black "Eynullayev, Atilla"]
[WhiteFideId "620084"]
[BlackFideId "13413570"]
[WhiteElo "2478"]
[BlackElo "2181"]
[Result "1-0"]
[Round "04"]
[TimeControl "180+2"]
[Date "2023.04.11"]
[WhiteClock "0:02:45"]
[BlackClock "0:01:57"]

1. Nc3 d5 2. d4 Nf6 3. Bf4 e6 4. Nb5 Bb4+ 5. c3 Ba5 6. e3 a6 7. Na3 Nbd7 8. Bd3 O-O 9. Nf3 c5 10. Ne5 Bc7 11. Qf3 b5 12. Nc6 Qe8 13. Bxc7 1-0


[Site "https://www.chess.com"]

[Event "Titled Tuesday Blitz April 11 Early 2023"]
[White "Flores, Diego"]
[Black "Royal, Shreyas"]
[WhiteFideId "108049"]
[BlackFideId "448869"]
[WhiteElo "2613"]
[BlackElo "2331"]
[Result "1-0"]
[Round "04"]
[TimeControl "180+2"]
[Date "2023.04.11"]
[WhiteClock "0:00:17"]
[BlackClock "0:01:45"]

1. c4 e6 2. d4 Nf6 3. Nc3 Bb4 4. e3 O-O 5. a3 Bxc3+ 6. bxc3 c5 7. Bd3 Nc6 8. Ne2 b6 9. O-O Ba6 10. e4 Ne8 11. f4 f5 12. Ng3 cxd4 13. cxd4 Nxd4 14. Bb2 Nc6 15. exf5 exf5 16. Nxf5 Nf6 17. Rf3 Ne7 18. Nxg7 Kxg7 19. Rg3+ Ng6 20. f5 Qe7 21. fxg6 h6 22. Qd2 Rac8 23. Rh3 Qc5+ 24. Kh1 h5 25. Rf1 Bxc4 26. Rhf3 Bxd3 27. Qxd3 Qe7 28. Rxf6 Rxf6 29. Bxf6+ Qxf6 30. Rxf6 Kxf6 31. Qd6+ Kg7 32. Qxd7+ 1-0


[Site "https://www.chess.com"]

[Event "Titled Tuesday Blitz April 11 Early 2023"]
[White "Gontcharov, Vladislav"]
[Black "Urazayev, Arystanbek"]
[WhiteFideId "4123492"]
[BlackFideId "13709810"]
[WhiteElo "2420"]
[BlackElo "2449"]
[Result "0-1"]
[Round "04"]
[TimeControl "180+2"]
[Date "2023.04.11"]
[WhiteClock "0:00:02"]
[BlackClock "0:00:23"]

1. d4 Nf6 2. c4 e6 3. Nc3 Bb4 4. e3 b6 5. Nf3 Bb7 6. Bd3 Ne4 7. Qb3 Bxc3+ 8. bxc3 O-O 9. O-O d6 10. Qc2 f5 11. Ne1 Qh4 12. f3 Nf6 13. a4 a5 14. Rb1 Nbd7 15. Ba3 f4 16. exf4 Qxf4 17. c5 dxc5 18. dxc5 Rfd8 19. Qf2 Ne5 20. cxb6 cxb6 21. Bb5 Rab8 22. Qg3 Qe3+ 23. Qf2 Qxf2+ 24. Rxf2 Nd5 25. Rc1 Nf4 26. Kf1 Bc6 27. Rb1 Bxb5+ 28. axb5 Nc4 29. Bc1 Nd3 30. Nxd3 Rxd3 31. Rc2 Rd1+ 32. Ke2 Rh1 33. Rb3 Rxh2 34. Kf2 Rh1 35. Bf4 Rd8 36. Re2 Kf7 37. Bc7 Rc8 38. Bf4 a4 39. Rb4 a3 40. Ra4 Kf6 41. Re4 g5 42. Bg3 h5 43. Rexc4 Rxc4 44. Rxc4 a2 45. Ra4 a1=Q 46. Rxa1 Rxa1 47. Bc7 Ra2+ 48. Ke3 Rxg2 49. Bxb6 h4 50. Bd4+ e5 51. Bb6 h3 52. Bd8+ Kf5 53. b6 h2 54. b7 Rb2 0-1


[Site "https://www.chess.com"]

[Event "Titled Tuesday Blitz April 11 Early 2023"]
[White "Goltsev, Dmitry"]
[Black "slidingknight2775"]
[WhiteFideId "24176710"]
[WhiteElo "2336"]
[BlackElo "2571"]
[Result "1/2-1/2"]
[Round "04"]
[TimeControl "180+2"]
[Date "2023.04.11"]
[WhiteClock "0:00:33"]
[BlackClock "0:00:07"]

1. e4 c5 2. Nf3 d6 3. d4 cxd4 4. Nxd4 Nf6 5. Nc3 Nc6 6. Be2 e5 7. Nb3 Be7 8. O-O O-O 9. f4 exf4 10. Bxf4 Be6 11. Bf3 Ne5 12. Nd4 Qd7 13. Kh1 a6 14. Nxe6 fxe6 15. Bxe5 dxe5 16. Qxd7 Nxd7 17. Bg4 Rxf1+ 18. Rxf1 Nf6 19. Bxe6+ Kf8 20. Nd5 Rd8 21. c4 Bc5 22. b4 Bd4 23. c5 Ke8 24. Nc7+ Ke7 25. Bd5 Rd7 26. Ne6 Nxd5 27. exd5 Rxd5 28. Nxg7 e4 29. Nf5+ Ke6 30. g4 Ke5 31. a3 e3 32. Kg2 h5 33. h3 hxg4 34. hxg4 e2 35. Re1 Kf4 36. Rxe2 Kxg4 37. Nd6 b6 38. Rd2 bxc5 39. bxc5 Kf4 40. Nb7 Ke5 41. c6 Bb6 42. Rc2 Bc7 43. Nc5 Kd6 44. Nxa6 Ra5 45. Nc5 Rxc5 46. Rxc5 Kxc5 47. Kf3 Kxc6 48. Ke4 Kb5 49. Kd5 Ka4 50. Kc6 Kxa3 1/2-1/2


[Site "https://www.chess.com"]

[Event "Titled Tuesday Blitz April 11 Early 2023"]
[White "Shevtchenko, Olesya"]
[Black "Galchenko, Matvey"]
[WhiteFideId "24131890"]
[BlackFideId "24175480"]
[WhiteElo "2003"]
[BlackElo "2423"]
[Result "1-0"]
[Round "04"]
[TimeControl "180+2"]
[Date "2023.04.11"]
[WhiteClock "0:00:09"]
[BlackClock "0:00:13"]

1. e4 e6 2. d4 d5 3. Nd2 a6 4. Ngf3 Nf6 5. e5 Nfd7 6. Bd3 c5 7. c3 Nc6 8. Qe2 Be7 9. h4 Qb6 10. Qe3 cxd4 11. cxd4 f6 12. exf6 Nxf6 13. Nb3 a5 14. h5 a4 15. Nbd2 O-O 16. h6 g6 17. Bxg6 hxg6 18. h7+ Kh8 19. Nh4 Bd7 20. Nxg6+ Kg7 21. Qh6+ Kf7 22. Nxf8 Rxf8 23. Qxf8+ Bxf8 24. h8=Q Qxd4 25. O-O Ne5 26. Nf3 Nxf3+ 27. gxf3 Bg7 28. Qh2 Bb5 29. Be3 Qb4 30. Rfc1 Bc6 31. b3 a3 32. Qc7+ Kg6 33. Qg3+ Kf7 34. Bc5 Qb5 35. Be3 Qd3 36. Rd1 Qf5 37. Rac1 Nh5 38. Qg5 Qxg5+ 39. Bxg5 d4 40. f4 Bf3 41. Rd2 Bc6 42. Rc4 e5 43. fxe5 Bxe5 44. Rcxd4 Bxd4 45. Rxd4 Ke6 46. Bc1 Ng7 47. Bxa3 Nf5 48. Rd3 Nh4 49. Rg3 Nf3+ 50. Kf1 Nd2+ 51. Ke2 Ne4 52. Re3 Kf5 53. Bb2 Nd6 54. Rd3 Bb5 55. Ke3 Bxd3 56. Kxd3 Ne4 57. Bd4 Nd6 58. Be3 Ke6 59. Kd4 b6 60. Kc3 Nc8 61. Kb4 Kd6 62. Kb5 Kc7 63. Ka6 Kc6 64. b4 b5 65. Bc5 Kc7 66. Kxb5 Kd7 67. Kc4 Kc6 68. a4 Kb7 69. f4 Kc7 70. f5 Kd7 71. a5 Kc6 72. f6 Nd6+ 73. Bxd6 1-0


[Site "https://www.chess.com"]

[Event "Titled Tuesday Blitz April 11 Early 2023"]
[White "Acor, Corey"]
[Black "Hadzimanolis, Antonios"]
[WhiteFideId "2024861"]
[BlackFideId "4202813"]
[WhiteElo "2341"]
[BlackElo "2242"]
[Result "0-1"]
[Round "04"]
[TimeControl "180+2"]
[Date "2023.04.11"]
[WhiteClock "0:00:03"]
[BlackClock "0:00:15"]

1. e4 e5 2. Nc3 Nf6 3. g3 d5 4. exd5 Nxd5 5. Bg2 Nxc3 6. bxc3 Bd6 7. Nf3 O-O 8. O-O c6 9. d4 Nd7 10. Re1 Qc7 11. Qd3 Re8 12. Bb2 c5 13. Rad1 c4 14. Qe2 f6 15. Nd2 Nb6 16. f4 Bf5 17. fxe5 fxe5 18. Qf3 Bxc2 19. Rc1 Bd3 20. Qxb7 Qxb7 21. Bxb7 Rad8 22. Bc6 Rf8 23. Be4 Na4 24. Ba1 exd4 25. Bxd3 cxd3 26. cxd4 Bb4 27. Red1 Rfe8 28. Nf1 d2 29. Nxd2 Re2 30. Nf3 Rf8 31. Rf1 Rxa2 32. Rcd1 Nb6 33. d5 Nc4 34. Kh1 Ne3 35. Rde1 Nxf1 36. Rxf1 Rxa1 37. Rxa1 Rxf3 38. Rxa7 Rd3 39. Rd7 Kf8 40. Kg2 h6 41. h3 Be7 42. Rb7 Rxd5 43. Rb3 Rc5 44. Kf3 Kf7 45. g4 Bf6 46. Rd3 Kg6 0-1


[Site "https://www.chess.com"]

[Event "Titled Tuesday Blitz April 11 Early 2023"]
[White "Han, Yichen"]
[Black "Molina, Roberto Junio Brito"]
[WhiteFideId "1054430"]
[BlackFideId "2109450"]
[WhiteElo "2342"]
[BlackElo "2376"]
[Result "1/2-1/2"]
[Round "04"]
[TimeControl "180+2"]
[Date "2023.04.11"]
[WhiteClock "0:00:07"]
[BlackClock "0:01:06"]

1. d4 d5 2. c4 e6 3. Nf3 Nf6 4. g3 c6 5. Bg2 dxc4 6. a4 Nd5 7. O-O b5 8. e4 Nb4 9. b3 cxb3 10. Qxb3 a5 11. Nc3 Ba6 12. d5 bxa4 13. Nxa4 exd5 14. Re1 Be7 15. exd5 O-O 16. dxc6 N8xc6 17. Bb2 Qd3 18. Qc3 Bf6 19. Qxd3 Nxd3 20. Bxf6 gxf6 21. Re3 Ncb4 22. Nb6 Rae8 23. Rxa5 Rxe3 24. fxe3 Re8 25. Nd7 Kg7 26. Nd4 Bc8 27. Nf5+ Kg6 28. Nh4+ Kg7 29. Nf5+ Kh8 30. Nxf6 Re5 31. Rxe5 Nxe5 32. Nd6 Be6 33. e4 Kg7 34. Nd5 Nbd3 35. Ne7 Nc5 36. Nef5+ Kf8 37. Ne3 Ke7 38. Ndf5+ Kf8 39. Nh4 Ba2 40. Nf3 Ng6 41. e5 Be6 42. Ng5 h6 43. Nxe6+ fxe6 44. Nc4 Nd7 45. Bh3 Ke7 46. Ne3 Ndxe5 47. Bg2 Kf6 48. h4 Nf7 49. Kf2 Nge5 50. g4 Nd6 51. Kg3 Ndc4 52. Nxc4 Nxc4 53. Kf4 e5+ 54. Kg3 Ne3 55. Bf3 Nc2 56. Be4 Nd4 57. Bh1 Ne6 58. Ba8 Nc5 59. Bh1 Kg6 60. Bg2 Kg7 61. Bh1 Kf6 62. Bg2 Nd3 63. Bh1 Nf4 64. Ba8 Ne6 65. Bh1 Nd4 66. Ba8 Ke7 67. g5 hxg5 68. hxg5 Ke6 69. Kg4 Kf7 70. Bd5+ Kg6 71. Be4+ Kg7 72. Bd5 Kg6 73. Be4+ Kf7 74. Bd5+ Ke7 75. Be4 Ke6 76. Bd3 Kf7 77. Bc4+ Kg7 78. Bd3 Ne6 79. Kf5 Nxg5 80. Kxg5 e4 81. Be2 e3 82. Kf4 Kf6 83. Kg3 Ke5 84. Kg2 Kd4 85. Kf1 Kc3 86. Ke1 Kc2 87. Bf1 Kc3 88. Be2 Kd4 89. Bf1 e2 90. Bg2 Ke3 91. Ba8 Kd3 92. Bb7 Ke3 93. Ba6 Kf3 94. Bc8 Ke3 95. Bh3 Kf3 96. Bd7 Ke3 97. Be8 Kf3 98. Bf7 Ke3 99. Bg8 Kf3 100. Bh7 Ke3 101. Bg6 Kf3 102. Bh5+ Ke3 103. Bg4 Kf4 104. Bc8 Ke5 105. Bb7 Kd6 106. Ba8 Kc7 107. Bh1 Kd8 108. Bg2 Ke7 109. Bh3 Kf6 110. Bg4 Kg5 111. Bh3 Kh4 112. Bg2 Kg3 113. Ba8 Kf4 114. Bb7 Ke5 115. Bc8 Kd6 116. Bh3 Kc5 117. Bg2 Kb6 118. Bd5 Ka7 119. Bg8 Kb8 120. Bh7 Kc7 121. Bb1 Kd8 122. Ba2 Ke7 123. Bb3 Kf8 124. Bc2 Kg7 125. Be4 Kh6 126. Bb7 Kg5 127. Ba6 Kf6 128. Bc8 Ke7 129. Bh3 Kd6 130. Bg2 Ke5 131. Bh1 Kf4 132. Bc6 Kg3 133. Be8 Kh2 134. Ba4 Kg1 135. Bd1 Kh2 136. Bc2 Kg3 137. Bd3 Kh4 138. Bc4 Kg5 139. Ba6 Kf6 1/2-1/2


[Site "https://www.chess.com"]

[Event "Titled Tuesday Blitz April 11 Early 2023"]
[White "Cori T., Deysi"]
[Black "Lukovic, Vladimir"]
[WhiteFideId "3801934"]
[BlackFideId "942952"]
[WhiteElo "2292"]
[BlackElo "2391"]
[Result "1-0"]
[Round "04"]
[TimeControl "180+2"]
[Date "2023.04.11"]
[WhiteClock "0:00:15"]
[BlackClock "0:00:52"]

1. Nf3 Nf6 2. g3 g6 3. Bg2 Bg7 4. O-O O-O 5. d4 d5 6. Nbd2 a5 7. c4 c6 8. Ne5 Ng4 9. cxd5 Nxe5 10. dxe5 cxd5 11. f4 Nc6 12. Kh1 a4 13. e4 d4 14. Nf3 Bg4 15. Bd2 Qb6 16. h3 Be6 17. Qe2 Rfd8 18. Qf2 Bc4 19. Rfc1 Bd3 20. Ne1 Ba6 21. Rc2 Qb5 22. Rac1 e6 23. Nf3 Bf8 24. Bf1 Qb6 25. a3 d3 26. Qxb6 dxc2 27. Bxa6 Rxa6 28. Qxb7 Rda8 29. Rxc2 Na5 30. Bxa5 Rxa5 31. Rc8 Rxc8 32. Qxc8 Rb5 33. Ng5 h6 34. Nxf7 Rxb2 35. Nxh6+ Kg7 36. Ng4 1-0


[Site "https://www.chess.com"]

[Event "Titled Tuesday Blitz April 11 Early 2023"]
[White "Kozin, Yuri"]
[Black "Mahdavi, Reza"]
[WhiteFideId "4129920"]
[BlackFideId "12595926"]
[WhiteElo "2558"]
[BlackElo "2357"]
[Result "0-1"]
[Round "04"]
[TimeControl "180+2"]
[Date "2023.04.11"]
[WhiteClock "0:00:05"]
[BlackClock "0:00:06"]

1. e4 c5 2. Nf3 e6 3. d4 cxd4 4. Nxd4 Nc6 5. Nc3 Qc7 6. Nb3 a6 7. Bd3 Nf6 8. f4 d6 9. Qf3 Be7 10. Be3 b5 11. O-O-O e5 12. f5 b4 13. Na4 Bb7 14. g4 h6 15. h4 Nd7 16. Qf2 Na5 17. Kb1 Nc4 18. Bxc4 Qxc4 19. Na5 Qxe4 20. Nxb7 Qxb7 21. Rhg1 Qc6 22. b3 Nf6 23. g5 hxg5 24. hxg5 Ne4 25. Qe1 Rh2 26. Rc1 Rc8 27. f6 gxf6 28. gxf6 Bxf6 29. Nb6 Rc7 30. Nc4 d5 31. Rg8+ Kd7 32. Nb6+ Ke6 33. Qxb4 Rxc2 34. Re8+ Qxe8 35. Rxc2 Rxc2 36. Kxc2 Qc6+ 37. Kb2 d4 38. Bc1 Nd6 39. Nc4 Nxc4+ 40. bxc4 e4 41. Kc2 d3+ 42. Kd1 Bd4 43. Bf4 e3 44. Qb3 Qh1# 0-1


[Site "https://www.chess.com"]

[Event "Titled Tuesday Blitz April 11 Early 2023"]
[White "Hambleton, Aman"]
[Black "Odegov, Artem"]
[WhiteFideId "2606577"]
[BlackFideId "34183644"]
[WhiteElo "2511"]
[BlackElo "2300"]
[Result "1-0"]
[Round "04"]
[TimeControl "180+2"]
[Date "2023.04.11"]
[WhiteClock "0:00:41"]
[BlackClock "0:00:01"]

1. d4 d5 2. Bf4 c5 3. e3 Nc6 4. c3 Nf6 5. Nd2 Bf5 6. Qb3 Qc8 7. dxc5 e5 8. Bg5 Be6 9. Bxf6 gxf6 10. e4 dxe4 11. Bc4 f5 12. g4 fxg4 13. Bxe6 Qxe6 14. Qxe6+ fxe6 15. Nxe4 O-O-O 16. h3 gxh3 17. Rxh3 Be7 18. Nf3 h5 19. Ke2 Rdf8 20. Rah1 Rhg8 21. Rxh5 Rf5 22. Rh8 Rxh8 23. Rxh8+ Kc7 24. b4 a6 25. Rh7 Kd7 26. a4 Rf4 27. Ke3 a5 28. b5 Nd8 29. Nxe5+ Ke8 30. Kxf4 1-0


[Site "https://www.chess.com"]

[Event "Titled Tuesday Blitz April 11 Early 2023"]
[White "Dehtiarov, Roman"]
[Black "Bilan, Danila"]
[WhiteFideId "14186640"]
[BlackFideId "24161918"]
[WhiteElo "2189"]
[BlackElo "2182"]
[Result "1-0"]
[Round "04"]
[TimeControl "180+2"]
[Date "2023.04.11"]
[WhiteClock "0:01:47"]
[BlackClock "0:00:03"]

1. d4 d5 2. c4 c6 3. Nc3 Nf6 4. Nf3 e6 5. Bg5 Nbd7 6. e3 Be7 7. Qc2 b6 8. Bd3 dxc4 9. Bxc4 Nd5 10. Bxe7 Qxe7 11. e4 Nxc3 12. bxc3 Bb7 13. a4 c5 14. O-O O-O 15. d5 exd5 16. exd5 Nf6 17. Rfe1 Qd6 18. Rad1 Rfe8 19. Bd3 g6 20. c4 Rxe1+ 21. Rxe1 Re8 22. Qc1 Kg7 23. h3 Rxe1+ 24. Qxe1 Nd7 25. g4 Qf4 26. Kg2 Ba6 27. Qe7 Nf8 28. d6 Bxc4 29. Bxc4 Qxc4 30. d7 Ne6 31. d8=Q Nxd8 32. Qxd8 Qxa4 33. g5 Qe4 34. Qf6+ Kg8 35. Kg3 Qa8 36. Ne5 Qf8 37. h4 b5 38. h5 gxh5 39. Kh4 b4 40. Nd7 Qe8 41. Qf5 Qe2 42. Nf6+ Kf8 43. Qxc5+ Kg7 44. Nxh5+ Kg6 45. Nf4+ 1-0


[Site "https://www.chess.com"]

[Event "Titled Tuesday Blitz April 11 Early 2023"]
[White "Ljukin, Sergei"]
[Black "Ilkhomi, Jaloliddin"]
[WhiteFideId "14102200"]
[BlackFideId "14700948"]
[WhiteElo "2312"]
[BlackElo "2045"]
[Result "0-1"]
[Round "04"]
[TimeControl "180+2"]
[Date "2023.04.11"]
[WhiteClock "0:00:01"]
[BlackClock "0:01:10"]

1. e4 e6 2. d4 d5 3. Nc3 Bb4 4. e5 c5 5. a3 Bxc3+ 6. bxc3 Qa5 7. Bd2 Qa4 8. Qg4 g6 9. Nf3 Nc6 10. Be2 Nge7 11. O-O c4 12. Ra2 Bd7 13. Bg5 O-O-O 14. Bf6 Rhg8 15. Ng5 h5 16. Qh4 Nf5 17. Qf4 Rdf8 18. Nh7 Re8 19. Ng5 Qa5 20. Qf3 Nh6 21. Qe3 Ne7 22. Qd2 Ba4 23. Rb1 b6 24. Rb4 Nc6 25. Nxe6 fxe6 26. Qxh6 Nxb4 27. axb4 Qb5 28. Qh7 Kb8 29. Be7 Rc8 30. Qf7 Qd7 31. Bd6+ Kb7 32. Qf6 b5 33. g4 Rg7 34. Kh1 Rcg8 35. f3 g5 36. gxh5 Rf7 37. Qh6 g4 38. fxg4 Rh7 39. Qf4 Qg7 40. Ra1 Bxc2 0-1


[Site "https://www.chess.com"]

[Event "Titled Tuesday Blitz April 11 Early 2023"]
[White "Liyanage, Ranindu Dilshan"]
[Black "Sharapov, Evgeny"]
[WhiteFideId "9915834"]
[BlackFideId "14103133"]
[WhiteElo "2199"]
[BlackElo "2367"]
[Result "1-0"]
[Round "04"]
[TimeControl "180+2"]
[Date "2023.04.11"]
[WhiteClock "0:01:57"]
[BlackClock "0:02:13"]

1. e4 c5 2. Nc3 Nc6 3. Bb5 Nd4 4. Bc4 e6 5. Nge2 Nf6 6. O-O a6 7. a4 Qc7 8. d3 Be7 9. h3 O-O 10. Nxd4 cxd4 11. Ne2 d5 12. exd5 exd5 13. Bb3 Qc5 14. Bf4 Nd7 15. Qd2 Bf6 16. Rfe1 b6 17. Ng3 g6 18. Bh6 Bg7 19. Bxg7 Kxg7 20. Qg5 Bb7 21. Re7 1-0


[Site "https://www.chess.com"]

[Event "Titled Tuesday Blitz April 11 Early 2023"]
[White "Rohith Krishna S"]
[Black "Demin, Vladimir"]
[WhiteFideId "46617051"]
[BlackFideId "4167457"]
[WhiteElo "2270"]
[BlackElo "2551"]
[Result "1-0"]
[Round "04"]
[TimeControl "180+2"]
[Date "2023.04.11"]
[WhiteClock "0:01:13"]
[BlackClock "0:01:13"]

1. d4 d5 2. c4 e6 3. Nc3 Nf6 4. Bg5 c6 5. e3 h6 6. Bh4 Nbd7 7. Nf3 g5 8. Bg3 Ne4 9. Nxe4 dxe4 10. Nd2 Bb4 11. h4 e5 12. hxg5 Qxg5 13. Rh5 Bxd2+ 14. Kxd2 Qg6 15. Be2 exd4 16. exd4 Nf6 17. Re5+ Be6 18. Qa4 O-O 19. Rh1 Rfd8 20. Kc3 e3 21. Bd3 Qg4 22. fxe3 Qxg3 23. Rxh6 Qxe3 24. Rxe3 1-0


[Site "https://www.chess.com"]

[Event "Titled Tuesday Blitz April 11 Early 2023"]
[White "Kokoszczynski, Jan"]
[Black "Wong, Yinn Long"]
[WhiteFideId "1174460"]
[BlackFideId "5707684"]
[WhiteElo "2139"]
[BlackElo "2271"]
[Result "0-1"]
[Round "04"]
[TimeControl "180+2"]
[Date "2023.04.11"]
[WhiteClock "0:00:08"]
[BlackClock "0:00:08"]

1. d4 e6 2. c4 Bb4+ 3. Nd2 Nf6 4. Nf3 O-O 5. a3 Be7 6. e4 d5 7. cxd5 exd5 8. e5 Ne4 9. Bd3 Bf5 10. Qe2 Nxd2 11. Bxd2 Bxd3 12. Qxd3 c5 13. O-O Nc6 14. dxc5 Bxc5 15. Rac1 Qe7 16. Qxd5 Bb6 17. Qe4 h6 18. Be3 Qe6 19. Bxb6 axb6 20. Rfe1 Rfd8 21. h3 Rd5 22. Re2 Rad8 23. Rce1 Rd3 24. Re3 Rd1 25. Rxd1 Rxd1+ 26. Re1 Rd5 27. Qf4 Rd3 28. Qc1 Qd5 29. Qc2 Nd8 30. Qc8 g6 31. Rc1 Kg7 32. Qc4 Qd7 33. Qc7 Qd5 34. Qe7 Rd1+ 35. Rxd1 Qxd1+ 36. Kh2 Ne6 37. Qf6+ Kg8 38. h4 Ng7 39. e6 Nxe6 40. Ne5 Nd8 41. h5 Qxh5+ 42. Kg1 Qd1+ 43. Kh2 Qd5 44. f4 b5 45. Qe7 Nc6 46. Qe8+ Kg7 47. Qe7 Nxe7 0-1


[Site "https://www.chess.com"]

[Event "Titled Tuesday Blitz April 11 Early 2023"]
[White "Aradhya, Garg"]
[Black "Kumala, Aleksander"]
[WhiteFideId "25006746"]
[BlackFideId "1141880"]
[WhiteElo "2263"]
[BlackElo "2269"]
[Result "0-1"]
[Round "04"]
[TimeControl "180+2"]
[Date "2023.04.11"]
[WhiteClock "0:00:55"]
[BlackClock "0:00:25"]

1. d4 Nf6 2. c4 Nc6 3. Nf3 e6 4. a3 g6 5. Nc3 Bg7 6. e4 d6 7. Be2 O-O 8. O-O Re8 9. d5 exd5 10. cxd5 Ne5 11. Nxe5 Rxe5 12. Bf4 Re8 13. Qc2 Nd7 14. Rac1 Ne5 15. Rfd1 a6 16. Na2 Re7 17. Bg5 f6 18. Bh4 h5 19. Nb4 Kf7 20. h3 g5 21. Bxh5+ Kg8 22. Bg3 Nf7 23. Bf3 Bh6 24. Rb1 Kg7 25. a4 Qh8 26. a5 Ne5 27. Be2 g4 28. hxg4 Nxg4 29. Nd3 Kf7 30. Nf4 Bxf4 31. Bxf4 Qh4 32. Bg3 Qg5 33. Qc1 Qg6 34. f3 Ne5 35. Kf2 Bd7 36. Rh1 Rg8 37. Qf4 Bb5 38. Bxb5 axb5 39. Rbd1 c6 40. dxc6 bxc6 41. Rxd6 Re6 42. Rxe6 Nd3+ 43. Ke3 Nxf4 44. Rxc6 Qxg3 45. Rh7+ Kg6 46. Rh1 Rd8 47. Rc3 b4 48. Rb3 Qxg2 0-1


[Site "https://www.chess.com"]